 Dungeon Crawl Stone Soup version 0.28-a0-595-g9f6c0e134a (webtiles) character file.

Game seed: 7302245871774446443

6 lawman0 the Sneak (level 1, 0/13 HPs)
             Began as a Deep Elf Delver on Oct 4, 2021.
             Slain by a kobold (2 damage)
             ... on level 3 of the Dungeon.
             The game lasted 00:01:31 (779 turns).

lawman0 the Sneak (Deep Elf Delver)                  Turns: 779, Time: 00:01:31

Health: 0/13       AC:  3    Str: 15    XL:     1   Next: 75%
Magic:  3/3        EV: 12    Int: 14    God:
Gold:   18         SH:  0    Dex: 16    Spells: 0/0 levels left

rFire   . . .      SeeInvis .   a - +0 short sword
rCold   . . .      Faith    .   (no shield)
rNeg    . . .      Spirit   .   b - +0 leather armour
rPois   .          Reflect  .   (no helmet)
rElec   .          Harm     .   (no cloak)
rCorr   .          Rampage  .   (no gloves)
Will    .....                   (no boots)
Stlth   +++.......              (no amulet)
HPRegen 0.04/turn               i - +6 ring of strength
MPRegen 0.08/turn               (no ring)

@: no status effects
A: no striking features
a: no special abilities


You were on level 3 of the Dungeon.
You visited 1 branch of the dungeon, and saw 3 of its levels.

You collected 18 gold pieces.

Inventory:

Hand Weapons
 a - a +0 short sword (weapon)
Armour
 b - a +0 leather armour (worn)
Jewellery
 i - a +6 ring of strength (left hand)
Wands
 g - a wand of digging (3)
Scrolls
 c - a scroll of fog
 e - a scroll of fear
 h - a scroll of teleportation {unknown}
 j - a scroll of blinking {unknown}
Potions
 d - a potion of cancellation {unknown}
 f - a potion of haste


   Skills:
 + Level 2.5 Fighting
 + Level 2.0 Short Blades
 + Level 2.4 Dodging
 + Level 6.2 Stealth


You couldn't memorise any spells.
You didn't know any spells.
Your spell library was empty.

Dungeon Overview and Level Annotations

Branches:
Dungeon (5/15)
 Temple: D:4-7

Altars:

Annotations:
D:4 Dowan, Duvessa


Message History

There is a stone staircase leading down here.
There is a stone staircase leading down here.
A gnoll comes into view. It is wielding a +0 club.
Found a club and a falchion.
Found an iron ring.
i - a +6 ring of strength You feel stronger.
i - a +6 ring of strength (left hand) Duvessa and Dowan come into view.
Found a scroll labelled ZEVIBEOHIO.
Dowan shouts!
Found 7 gold pieces.
A kobold comes into view. It is wielding a +0 short sword.
The kobold shouts!
You see here a scroll labelled ZEVIBEOHIO.
j - a scroll labelled ZEVIBEOHIO An endoplasm comes into view.
The endoplasm quivers.
The kobold hits you with a +0 short sword.
Dowan says, "Stay away from my face!"
The kobold hits you with a +0 short sword.
Dowan casts a spell.
Dowan blinks!
Okay, then.
Found a stone staircase leading up.
The kobold hits you with a +0 short sword.
There is a stone staircase leading up here.
The kobold hits you with a +0 short sword.
You climb upwards.
Found 6 silver javelins, 5 gold pieces and a scroll labelled YRILOU LOCSIPN.
Found a stone staircase leading down.
There is a stone staircase leading down here.
Unknown command.
You closely miss the kobold.
The kobold hits you with a +0 short sword.
* * * LOW HITPOINT WARNING * * *
You hit the kobold.
The kobold is moderately wounded.
The kobold hits you with a +0 short sword.
You die...

##
...###########
.............##
...............
#>....@.......
#.....K.......
#.............
.....(.........
#.#.#.#.....$?.
...............
#.#.#.#.##.##..
........+ .. ..
#.#.#.#.# ###


You could see a kobold.

Vanquished Creatures
  An orc (D:4)
  A ball python (D:4)
  An endoplasm (D:4)
  A hobgoblin (D:4)
4 creatures vanquished.

Notes
Turn   | Place    | Note
-------+----------+-------------------------------------------
     0 | D:5      | lawman0 the Deep Elf Delver began the quest for the Orb.
     0 | D:5      | Reached XP level 1. HP: 13/13 MP: 3/3
   712 | D:4      | Noticed Duvessa
   712 | D:4      | Noticed Dowan
   779 | D:3      | Slain by a kobold

Illustrated notes

Levels and vault maps discovered:
D:3:      layout_basic, general_overflow_altar,
          chequers_temple_overflow_minitemple, serial_co_window_serial,
          co_window_paths_a, co_window_paths_a, co_window_of_opportunity_a,
          co_window_paths_a, co_window_paths_b, co_window_broadway_b,
          co_window_paths_c, co_window_broadway_c, co_window_2corner,
          co_window_2corner, co_window_broadway_b, glass_columns_a,
          glass_columns_c, glass_columns_c, glass_columns_b
D:4:      layout_loops_ring, item_on_display_a, uniq_duvessa
D:5:      layout_basic

Action                   || total
-------------------------++-------
Melee: Short sword       ||    25
  Use: Scroll            ||     1
 Stab: Sleeping          ||     1
Armor: Leather armour    ||     2
Dodge: Dodged            ||    12

Table legend: (Time is in decaauts)
 A = Elapsed time spent in this place.
 B = Non-inter-level travel time spent in this place.
 C = Inter-level travel time spent in this place.
 D = Time resting spent in this place.
 E = Time spent auto-exploring this place.
 F = Levels seen in this place.
 G = Mean time per level.
                   A        B        C        D        E       F      G
               +--------+--------+--------+--------+--------+-----+--------+
         Total |    777 |    777 |      0 |    387 |     95 |   3 |  259.0 |
       Dungeon |    777 |    777 |      0 |    387 |     95 |   3 |  259.0 |
               +--------+--------+--------+--------+--------+-----+--------+

Top non-repeatable levels by time:
     D:4: 729 daAuts
     D:5: 46 daAuts
     D:3: 2 daAuts
